 Dungeon Sprint DCSS version 0.24.1-14-gf8d2b509d9 (webtiles) character file.

Game seed: 1201682710070483521, levelgen mode: deterministic

15401 sahdkjhfkaj the Martial Artist (level 12, -7/120 HPs)
             Began as a Gnoll Transmuter on Sept 28, 2020.
             Was an Initiate of Gozag.
             Mangled by an orc knight
             ... wielding a +2 battleaxe
              (38 damage)
             ... in the Dungeon (Sprint IX: "|||||||||||||||||||||||||||||").
             The game lasted 00:09:24 (6115 turns).

sahdkjhfkaj the Martial Artist (Gnoll Transmuter)   Turns: 6115, Time: 00:09:24

Health: -7/120     AC: 10    Str: 16    XL:     12   Next: 26%
Magic:  28/28      EV: 18    Int: 19    God:    Gozag
Gold:   3307       SH:  0    Dex: 17    Spells: 23/35 levels left

rFire    x . .     SeeInvis .     - Unarmed
rCold    + + +     Gourm    .   (shield currently unavailable)
rNeg     . . .     Faith    .   (armour currently unavailable)
rPois    +         Spirit   .   (helmet currently unavailable)
rElec    .         Reflect  .   (cloak currently unavailable)
rCorr    .         Harm     .   (gloves currently unavailable)
MR       .....     NoTele   +   (boots currently unavailable)
Stlth    +++++.....             (no amulet)
HPRegen  0.30/turn              r - +2 ring of protection
MPRegen  0.21/turn              b - +3 ring of intelligence

@: ice-form, gold aura
A: large, distributed training, strong nose
a: End Transformation, Potion Petition, Call Merchant, Bribe Branch, Renounce
Religion


You were in the Dungeon.
You worshipped Gozag.
Gozag was most pleased with you.
You were not hungry.
You were a creature of crystalline ice.
You visited 1 branch You collected 6769 gold pieces.
You spent 1980 gold pieces at shops.
You paid 1482 gold pieces to Gozag.

Inventory:

Hand Weapons
 n - a +2 scimitar of electrocution
Missiles
 a - 34 arrows
Armour
 o - a +0 helmet (melded)
 p - a +0 pair of gloves (melded)
 q - a +1 chain mail (melded)
 z - a +0 cloak (melded)
Magical Staves
 F - an uncursed staff of energy (melded)
Jewellery
 b - a +3 ring of intelligence (right front paw)
 r - a +2 ring of protection (left front paw)
Wands
 m - a wand of acid (6)
 D - a wand of scattershot (6)
 E - a wand of iceblast (11)
Scrolls
 j - 2 scrolls of blinking
 k - 3 scrolls of remove curse
 l - 2 scrolls of amnesia
 v - 4 scrolls of enchant armour
 w - 2 scrolls of enchant weapon
 x - a scroll of identify
 y - 2 scrolls of fear
Potions
 c - a potion of invisibility
 e - 5 potions of curing
 f - 5 potions of heal wounds
 g - a potion of haste
 h - 4 potions of magic
 i - a potion of berserk rage
 s - a potion of might
 t - a potion of resistance
 u - a potion of mutation
Miscellaneous
 A - a lamp of fire
 B - a sack of spiders
 C - a lightning rod (4/4)
Comestibles
 d - 13 rations


   Skills:
 + Level 11.5 Fighting
 + Level 11.2 Short Blades
 + Level 11.2 Long Blades
 + Level 11.2 Axes
 + Level 11.2 Maces & Flails
 + Level 11.2 Polearms
 + Level 11.2 Staves
 + Level 11.2 Slings
 + Level 11.2 Bows
 + Level 11.2 Crossbows
 + Level 11.2 Throwing
 + Level 11.2 Armour
 + Level 12.0 Dodging
 + Level 11.2 Stealth
 + Level 11.2 Shields
 + Level 12.7 Unarmed Combat
 + Level 12.1 Spellcasting
 + Level 9.5 Conjurations
 + Level 9.5 Hexes
 + Level 9.5 Charms
 + Level 9.5 Summonings
 + Level 9.5 Necromancy
 + Level 9.5 Translocations
 + Level 10.3 Transmutations
 + Level 9.5 Fire Magic
 + Level 9.5 Ice Magic
 + Level 9.5 Air Magic
 + Level 9.5 Earth Magic
 + Level 9.5 Poison Magic
 + Level 12.1 Invocations
 + Level 11.2 Evocations


You had 23 spell levels left.
You knew the following spells:

 Your Spells              Type           Power        Failure   Level  Hunger
a - Beastly Appendage     Tmut           ######       1%          1    None
A - Blade Hands           Tmut           ######....   2%          5    ####...
F - Ice Form              Ice/Tmut       #####...     1%          4    #......
T - Sticks to Snakes      Tmut           ######..     1%          2    None

Your spell library contained the following spells:

 Spells                   Type           Power        Failure   Level  Hunger
 Confuse                  Hex            #####...     1%          3    None
 Spider Form              Tmut/Pois      #####.....   1%          3    None
 Excruciating Wounds      Chrm/Necr      #####.....   3%          5    ####...
 Darkness                 Hex            #####.....   19%         6    ######.
 Simulacrum               Ice/Necr       #####.....   19%         6    ######.


Dungeon Overview and Level Annotations

Branches:
Dungeon (1/1)

Altars:
Cheibriados
Dithmenos
Elyvilon
Fedhas
Gozag
Hepliaklqana
Kikubaaqudgha
Makhleb
Nemelex Xobeh
Okawaru
Qazlal
Ru
Sif Muna
Trog
Uskayaw
Vehumet
Wu Jian
Xom
Yredelemnul
Zin
The Shining One
Beogh
Jiyva
Lugonu

Shops:
D %*=[%}


Innate Abilities, Weirdness & Mutations

Your experience applies equally to all skills.
((You have very sharp teeth.))
Your uncanny sense of smell can sniff out nearby items.


Message History

An orc knight comes into view. It is wielding a +0 war axe.
Found 50 gold pieces.
Things that are here:
104 gold pieces; a +0 halberd; a +0 ring mail Unknown command.
You pummel the orc knight!! You freeze the orc knight!
The orc knight is severely wounded.
The orc knight hits you with a +2 battleaxe!!
* * * LOW HITPOINT WARNING * * *
The orc knight suddenly yells.
Unknown command.
You punch the orc knight! You freeze the orc knight.
The orc knight is severely wounded.
Unknown command.
Unknown command.
You closely miss the orc knight.
The orc knight is severely wounded.
The orc knight hits you with a +2 battleaxe!!!
You die...
Your body crumbles into a pile of gold.

∆∆∆∆ ∆∆∆∆
▓▓▓▓▓▓▓▓▓▓▓▓▓▓▓▓▓▓▓▓▓▓▓▓
.......))..$$∩$∩Yooo$o$$$
▓▓▓▓▓▓▓▓▓▓▓▓▓▓▓▓▓▓▓▓▓▓▓▓▓▓▓▓▓▓▓▓▓
)).........................[(....
▓▓▓▓▓▓▓▓▓▓▓▓▓▓▓▓▓▓▓▓▓▓▓▓▓▓▓▓▓▓▓▓▓
........'........[)..'..[[.[..'.∩
▓▓▓▓▓▓▓▓▓▓▓▓▓▓▓▓▓▓▓▓▓▓▓▓▓▓▓▓▓▓▓▓▓
............................)....
▓▓▓▓▓▓▓▓▓▓▓▓▓▓▓▓▓▓▓▓▓▓▓▓▓▓▓▓▓▓▓▓▓
________'...)..[..[[.....'))....'


You could see 3 orc knights and an orc high priest.

Vanquished Creatures
  A hydra (D)
  Harold (D)
  A two-headed ogre (D)
  4 orc high priests (D)
  Urug (D)
  11 orc knights (D)
  An orc sorcerer (D)
  A black mamba (D)
  4 spiny frogs (D)
  3 komodo dragons (D)
  A shadow (D)
  3 yaks (D)
  2 wyverns (D)
  3 wargs (D)
  A hell hound (D)
  A water moccasin (D)
  7 orc warriors (D)
  4 wolves (D)
  3 crocodiles (D)
  3 bullfrogs (D)
  A scorpion (D)
  3 howler monkeys (D)
  2 jellies (D)
  3 orc wizards (D)
  3 orc priests (D)
  A worker ant (D)
  An adder skeleton (D)
  A dart slug (D)
  8 orcs (D)
  A goblin (D)
  A bat (D)
  2 kobolds (D)
  A rat (D)
84 creatures vanquished.

Notes
Turn   | Place    | Note
-------+----------+-------------------------------------------
     0 | D        | sahdkjhfkaj the Gnoll Transmuter began the quest for the
                  | Orb.
     0 | D        | Reached XP level 1. HP: 17/17 MP: 6/6
    14 | D        | Reached skill level 5 in Spellcasting
    15 | D        | Reached skill level 1 in Invocations
    20 | D        | Noticed a jelly
    20 | D        | Noticed a scorpion
    20 | D        | Noticed a howler monkey
    20 | D        | Noticed a worker ant
    35 | D        | Killed a jelly
    35 | D        | Reached skill level 1 in Short Blades
    35 | D        | Reached skill level 1 in Long Blades
    35 | D        | Reached skill level 1 in Axes
    35 | D        | Reached skill level 1 in Maces & Flails
    35 | D        | Reached skill level 1 in Polearms
    35 | D        | Reached skill level 1 in Staves
    35 | D        | Reached skill level 1 in Slings
    35 | D        | Reached skill level 1 in Bows
    35 | D        | Reached skill level 1 in Crossbows
    35 | D        | Reached skill level 1 in Throwing
    35 | D        | Reached skill level 1 in Armour
    35 | D        | Reached skill level 5 in Dodging
    35 | D        | Reached skill level 1 in Stealth
    35 | D        | Reached skill level 1 in Shields
    35 | D        | Reached skill level 1 in Conjurations
    35 | D        | Reached skill level 1 in Hexes
    35 | D        | Reached skill level 1 in Charms
    35 | D        | Reached skill level 1 in Summonings
    35 | D        | Reached skill level 1 in Necromancy
    35 | D        | Reached skill level 1 in Translocations
    35 | D        | Reached skill level 1 in Fire Magic
    35 | D        | Reached skill level 1 in Ice Magic
    35 | D        | Reached skill level 1 in Air Magic
    35 | D        | Reached skill level 1 in Earth Magic
    35 | D        | Reached skill level 1 in Poison Magic
    35 | D        | Reached skill level 1 in Evocations
    35 | D        | Reached XP level 2. HP: 12/24 MP: 6/8
    35 | D        | Reached XP level 3. HP: 14/29 MP: 6/9
    48 | D        | Killed a scorpion
    48 | D        | Reached XP level 4. HP: 8/37 MP: 7/11
    53 | D        | HP: 1/37 [howler monkey (7)]
    54 | D        | Reached XP level 5. HP: 1/42 MP: 7/13
    76 | D        | Found a roughly hewn altar of Beogh.
    76 | D        | Found a snail-covered altar of Cheibriados.
    76 | D        | Found a shadowy altar of Dithmenos.
    76 | D        | Found a white marble altar of Elyvilon.
    76 | D        | Found a blossoming altar of Fedhas.
    76 | D        | Found an opulent altar of Gozag.
   444 | D        | Found a hazy altar of Hepliaklqana.
   445 | D        | Found a viscous altar of Jiyva.
   446 | D        | Found an ancient bone altar of Kikubaaqudgha.
   447 | D        | Found a corrupted altar of Lugonu.
   448 | D        | Found a burning altar of Makhleb.
   449 | D        | Found a sparkling altar of Nemelex Xobeh.
   450 | D        | Found an iron altar of Okawaru.
   451 | D        | Found a stormy altar of Qazlal.
   452 | D        | Found a sacrificial altar of Ru.
   455 | D        | Became a worshipper of Gozag Ym Sagoz the Greedy
   458 | D        | Found a shimmering blue altar of Sif Muna.
   459 | D        | Found a bloodstained altar of Trog.
   460 | D        | Found a hide-covered altar of Uskayaw.
   461 | D        | Found a radiant altar of Vehumet.
   462 | D        | Found an ornate altar of the Wu Jian Council.
   463 | D        | Found a shimmering altar of Xom.
   464 | D        | Found a basalt altar of Yredelemnul.
   465 | D        | Found a glowing silver altar of Zin.
   466 | D        | Found a glowing golden altar of the Shining One.
   515 | D        | Noticed an orc warrior
   515 | D        | Noticed a yak
   521 | D        | Killed an orc warrior
   521 | D        | Reached skill level 5 in Transmutations
   521 | D        | Reached XP level 6. HP: 21/50 MP: 13/15
   523 | D        | Reached skill level 5 in Fighting
   581 | D        | Killed a yak
   581 | D        | Reached skill level 5 in Short Blades
   581 | D        | Reached skill level 5 in Long Blades
   581 | D        | Reached skill level 5 in Axes
   581 | D        | Reached skill level 5 in Maces & Flails
   581 | D        | Reached skill level 5 in Polearms
   581 | D        | Reached skill level 5 in Staves
   581 | D        | Reached skill level 5 in Slings
   581 | D        | Reached skill level 5 in Bows
   581 | D        | Reached skill level 5 in Crossbows
   581 | D        | Reached skill level 5 in Throwing
   581 | D        | Reached skill level 5 in Armour
   581 | D        | Reached skill level 5 in Stealth
   581 | D        | Reached skill level 5 in Shields
   581 | D        | Reached skill level 5 in Invocations
   581 | D        | Reached skill level 5 in Evocations
   581 | D        | Reached XP level 7. HP: 18/57 MP: 15/17
   838 | D        | Noticed a shadow
   838 | D        | Noticed a wyvern
   838 | D        | Noticed a yak
   838 | D        | Noticed a two-headed ogre
   840 | D        | Killed a shadow
   843 | D        | Killed a wyvern
   847 | D        | Killed a yak
   847 | D        | Reached skill level 5 in Conjurations
   847 | D        | Reached skill level 5 in Hexes
   847 | D        | Reached skill level 5 in Charms
   847 | D        | Reached skill level 5 in Summonings
   847 | D        | Reached skill level 5 in Necromancy
   847 | D        | Reached skill level 5 in Translocations
   847 | D        | Reached skill level 5 in Fire Magic
   847 | D        | Reached skill level 5 in Ice Magic
   847 | D        | Reached skill level 5 in Air Magic
   847 | D        | Reached skill level 5 in Earth Magic
   847 | D        | Reached skill level 5 in Poison Magic
   847 | D        | Reached XP level 8. HP: 52/65 MP: 17/19
   853 | D        | Killed a two-headed ogre
  1199 | D        | Got the Incunabulum of Evil Execration
  1226 | D        | Learned a level 2 spell: Sticks to Snakes
  1231 | D        | Learned a level 4 spell: Ice Form
  1237 | D        | Learned a level 5 spell: Blade Hands
  1237 | D        | Noticed a spiny frog
  1237 | D        | Noticed a komodo dragon
  1237 | D        | Noticed a spiny frog
  1237 | D        | Noticed a spiny frog
  1250 | D        | Killed a spiny frog
  1250 | D        | Reached XP level 9. HP: 26/72 MP: 21/21
  1251 | D        | Killed a komodo dragon
  1589 | D        | Bought a ration for 55 gold pieces
  1589 | D        | Bought a ration for 55 gold pieces
  1589 | D        | Bought a ration for 55 gold pieces
  1589 | D        | Bought a ration for 55 gold pieces
  1589 | D        | Bought a ration for 55 gold pieces
  1589 | D        | Bought a ration for 55 gold pieces
  1589 | D        | Bought a ration for 55 gold pieces
  1596 | D        | Killed a spiny frog
  1596 | D        | Reached skill level 10 in Unarmed Combat
  1606 | D        | Killed a spiny frog
  1901 | D        | Noticed a spiny frog
  1901 | D        | Noticed a six-headed hydra
  1901 | D        | Noticed a komodo dragon
  1901 | D        | Noticed a black mamba
  1904 | D        | Killed a spiny frog
  1904 | D        | Reached XP level 10. HP: 60/82 MP: 23/23
  2066 | D        | Killed a six-headed hydra
  2066 | D        | Reached skill level 10 in Spellcasting
  2081 | D        | Killed a black mamba
  2081 | D        | Reached skill level 10 in Dodging
  2378 | D        | Reached skill level 10 in Invocations
  2580 | D        | Noticed Harold
  2600 | D        | Killed Harold
  2600 | D        | Reached XP level 11. HP: 27/90 MP: 20/25
  2916 | D        | Noticed Urug
  2985 | D        | Killed Urug
  2985 | D        | Reached skill level 10 in Fighting
  3304 | D        | Noticed an orc knight
  3304 | D        | Noticed an orc knight
  3399 | D        | Killed an orc knight
  3595 | D        | Bought a lamp of fire for 440 gold pieces
  3595 | D        | Bought a sack of spiders for 220 gold pieces
  3595 | D        | Bought a lightning rod (4/4) for 440 gold pieces
  3595 | D        | Bought a wand of scattershot (6) for 330 gold pieces
  3595 | D        | Bought a wand of iceblast (11) for 165 gold pieces
  3649 | D        | Killed an orc knight
  4063 | D        | Noticed an orc high priest
  4067 | D        | Reached skill level 10 in Short Blades
  4067 | D        | Reached skill level 10 in Long Blades
  4067 | D        | Reached skill level 10 in Axes
  4067 | D        | Reached skill level 10 in Maces & Flails
  4067 | D        | Reached skill level 10 in Polearms
  4067 | D        | Reached skill level 10 in Staves
  4067 | D        | Reached skill level 10 in Slings
  4067 | D        | Reached skill level 10 in Bows
  4067 | D        | Reached skill level 10 in Crossbows
  4067 | D        | Reached skill level 10 in Throwing
  4067 | D        | Reached skill level 10 in Armour
  4067 | D        | Reached skill level 10 in Stealth
  4067 | D        | Reached skill level 10 in Shields
  4067 | D        | Reached skill level 10 in Evocations
  4068 | D        | Noticed an orc knight
  4083 | D        | Noticed an orc sorcerer
  4102 | D        | Killed an orc high priest
  4381 | D        | Killed an orc knight
  4697 | D        | Killed an orc sorcerer
  4715 | D        | Noticed an orc knight
  4727 | D        | Killed an orc knight
  4727 | D        | Noticed an orc knight
  4738 | D        | Killed an orc knight
  5004 | D        | Found Timeimocost's General Store.
  5004 | D        | Noticed an orc knight
  5004 | D        | Noticed an orc knight
  5004 | D        | Noticed an orc knight
  5004 | D        | Noticed an orc high priest
  5004 | D        | Noticed an orc high priest
  5005 | D        | Noticed an orc knight
  5007 | D        | Killed an orc knight
  5008 | D        | Found Ovoajuju's Jewellery Shoppe.
  5008 | D        | Noticed an orc knight
  5258 | D        | Killed an orc knight
  5613 | D        | Killed an orc knight
  5996 | D        | Killed an orc high priest
  5996 | D        | Reached skill level 10 in Transmutations
  5996 | D        | Reached XP level 12. HP: 100/100 MP: 23/27
  6024 | D        | Killed an orc high priest
  6094 | D        | Noticed an orc high priest
  6100 | D        | Found Ihaix's Antique Armour Emporium.
  6103 | D        | Found Destezob's Food Shoppe.
  6111 | D        | Noticed a sun demon
  6111 | D        | Killed an orc high priest
  6111 | D        | Noticed an orc high priest
  6115 | D        | Mangled by an orc knight

Levels and vault maps discovered:
D:        linesprint [early_d, line_temple, items_1, d_10, items_2, lair_1,
          lair_end, items_3, orc_1, orc_end, items_4, d_15, swamp_1, shoals_1,
          snake_1, spider_1, d_20, vaults_1, items_5, swamp_end, shoals_end,
          snake_end, spider_end, vaults_end, d_27, items_6, zot_1, zot_end,
          crypt_end, forest_end, elf_end, slime_end, tomb_end, abyss_end,
          pan_hell_end]

Skill      XL: |  1  2  3  4  5  6  7  8  9 10 11 12 |
---------------+-------------------------------------+-----
Spellcasting   | 5 6 7 8 9 10 11 12 | 12.1
Invocations    | 2 3 4 5 6 7 9 10 11 12 | 12.1
Fighting       | 3 4 5 6 7 8 9 11 | 11.5
Short Blades   | 1 2 3 4 5 6 7 8 9 10 11 | 11.2
Long Blades    | 1 2 3 4 5 6 7 8 9 10 11 | 11.2
Axes           | 1 2 3 4 5 6 7 8 9 10 11 | 11.2
Maces & Flails | 1 2 3 4 5 6 7 8 9 10 11 | 11.2
Polearms       | 1 2 3 4 5 6 7 8 9 10 11 | 11.2
Staves         | 1 2 3 4 5 6 7 8 9 10 11 | 11.2
Slings         | 1 2 3 4 5 6 7 8 9 10 11 | 11.2
Bows           | 1 2 3 4 5 6 7 8 9 10 11 | 11.2
Crossbows      | 1 2 3 4 5 6 7 8 9 10 11 | 11.2
Throwing       | 1 2 3 4 5 6 7 8 9 10 11 | 11.2
Armour         | 1 2 3 4 5 6 7 8 9 10 11 | 11.2
Dodging        | 5 6 7 8 9 10 11 12 | 12.0
Stealth        | 1 2 3 4 5 6 7 8 9 10 11 | 11.2
Shields        | 1 2 3 4 5 6 7 8 9 10 11 | 11.2
Conjurations   | 1 2 3 4 5 6 7 9 |  9.5
Hexes          | 1 2 3 4 5 6 7 9 |  9.5
Charms         | 1 2 3 4 5 6 7 9 |  9.5
Summonings     | 1 2 3 4 5 6 7 9 |  9.5
Necromancy     | 1 2 3 4 5 6 7 9 |  9.5
Translocations | 1 2 3 4 5 6 7 9 |  9.5
Transmutations | 4 5 6 7 8 10 | 10.3
Fire Magic     | 1 2 3 4 5 6 7 9 |  9.5
Ice Magic      | 1 2 3 4 5 6 7 9 |  9.5
Air Magic      | 1 2 3 4 5 6 7 9 |  9.5
Earth Magic    | 1 2 3 4 5 6 7 9 |  9.5
Poison Magic   | 1 2 3 4 5 6 7 9 |  9.5
Evocations     | 1 2 3 4 5 6 7 8 9 10 11 | 11.2
Unarmed Combat | 7 8 9 10 11 12 | 12.7

Action                   |  1- 3 |  4- 6 |  7- 9 | 10-12 || total
-------------------------+-------+-------+-------+-------++-------
Melee: Unarmed           |    27 |    10 |       |   171 ||   208
       Headbutt          |     4 |       |       |       ||     4
       Punch             |     1 |       |     3 |     3 ||     7
       Bite              |     2 |     3 |     7 |    15 ||    27
       Kick              |       |     1 |       |       ||     1
       Scimitar          |       |    18 |    64 |    79 ||   161
       Staff             |       |       |       |     7 ||     7
 Cast: Beastly Appendage |     1 |     1 |       |       ||     2
       Ice Form          |       |       |       |    12 ||    12
       Blade Hands       |       |       |       |     2 ||     2
Invok: Call Merchant     |       |       |     1 |     1 ||     2
Evoke: Wand              |       |       |     4 |       ||     4
  Use: Potion            |     1 |       |       |       ||     1
 Stab: Sleeping          |     1 |       |       |     1 ||     2
       Distracted        |       |       |     1 |     5 ||     6
  Eat: Ration            |       |       |     1 |     4 ||     5
Armor: Chain mail        |       |     7 |    24 |    22 ||    53
       Skin              |       |       |       |    14 ||    14
Dodge: Dodged            |    16 |    13 |    27 |    83 ||   139
       Rpst.: Scimitar   |       |     2 |     6 |     7 ||    15
